 Dungeon Crawl Stone Soup version 0.19.1 (webtiles) character file.

54 balthal the Charmwright (level 3, -5/25 HPs)
             Began as a High Elf Skald on Dec 15, 2016.
             Slain by Crazy Yiuf
             ... wielding a +3 quarterstaff of chaos
              (10 damage)
             ... while paralysed by Crazy Yiuf
             ... on level 2 of the Dungeon.
             The game lasted 00:03:44 (1938 turns).

balthal the Charmwright (High Elf Skald)            Turns: 1938, Time: 00:03:45

Health: -5/25      AC:  3    Str: 12    XL:     3   Next: 66%
Magic:  7/8        EV:  2    Int: 15    God:
Gold:   157        SH:  0    Dex: 15    Spells: 1 memorised, 6 levels left

rFire  . . .     SeeInvis .     a - +0 falchion
rCold  . . .     Gourm    .     b - +0 leather armour
rNeg   . . .     Faith    .     (no shield)
rPois  .         Spirit   .     (no helmet)
rElec  .         Reflect  .     (no cloak)
rCorr  .         Harm     .     (no gloves)
MR     .....                    (no boots)
Stlth  +.........               (no amulet)
                                (no ring)
                                (no ring)

@: paralysed, infused
A: no striking features
a: no special abilities


You were on level 2 of the Dungeon.
You were not hungry.

You visited 1 branch of the dungeon, and saw 2 of its levels.

You collected 157 gold pieces.

Inventory:

Hand Weapons
 a - a +0 falchion (weapon)
Missiles
 p - 35 sling bullets
Armour
 b - a +0 leather armour (worn)
Jewellery
 l - a +4 ring of dexterity {unknown}
 n - a +2 amulet of reflection {unknown}
Scrolls
 f - 2 scrolls of enchant armour {unknown}
 g - 5 scrolls of identify {unknown}
 k - a scroll of fear {unknown}
 q - 2 scrolls of remove curse {unknown}
 r - 2 scrolls of teleportation {unknown}
Potions
 e - a potion of berserk rage {unknown}
 h - 2 potions of degeneration {unknown}
 i - a potion of flight {unknown}
 j - a potion of curing {unknown}
 m - a potion of magic {unknown}
 o - a potion of resistance {unknown}
Books
 c - a book of Battle

   Spells                             Type                      Level
   a - Infusion                       Charms                       1
   b - Shroud of Golubria             Charms/Translocation         2
   c - Song of Slaying                Charms                       2
   d - Spectral Weapon                Hexes/Charms                 3
   e - Regeneration                   Charms/Necromancy            3
Comestibles
 d - 2 bread rations


   Skills:
 + Level 2.6 Fighting
 + Level 2.8 Long Blades
 + Level 1.5 Armour
 + Level 1.2 Dodging
 + Level 0.2 Stealth
 + Level 2.7 Spellcasting
 + Level 4.2 Charms


You had 6 spell levels left.
You knew the following spells:

 Your Spells              Type           Power        Failure   Level  Hunger
a - Infusion              Chrm           ##..         6%          1    #......


Dungeon Overview and Level Annotations

Branches:
Dungeon (2/15)

Altars:

Annotations:
D:2 Crazy Yiuf


Message History

Found a mace.
Crazy Yiuf says, "Goldfish!
Defame testudinal pontify."
Crazy Yiuf grits, "Action!
Cod sing pontify."
Crazy Yiuf grits, "Earwax!
Ten arga ena."
You aren't carrying any items that you can evoke.
Casting: Infusion
Confirm with . or Enter, or press ? or * to list all spells.
You begin infusing your attacks with magical energy.
Your leather armour prevents you from hitting Crazy Yiuf.
Crazy Yiuf closely misses you.
You hit Crazy Yiuf.
Crazy Yiuf is lightly wounded.
Crazy Yiuf hits you with a quarterstaff of chaos.
You suddenly lose the ability to move!
Crazy Yiuf hits you with a quarterstaff of chaos!
Ouch! That really hurt!
Crazy Yiuf freezes you.
* * * LOW HITPOINT WARNING * * *
Crazy Yiuf hits you with a quarterstaff of chaos!
You die...

##.........#
#.#########
#.# #.#
##### #.#
#..)# #.#
#...# #.#
... #.# #'#
#@# ##g# #g#
#.## #.#
##.# #.#
#.## #.#
##.## #.#
#.P.## #.#
#...P# #.#
##..##
#.####....#


You could see Crazy Yiuf.

Vanquished Creatures
  2 adders (D:2)
  An ooze (D:1)
  A worm (D:2)
  A giant cockroach (D:2)
  3 goblins (D:2)
  5 hobgoblins
  A quokka (D:2)
  A ball python (D:1)
  7 bats
  2 frilled lizards
  2 kobolds (D:2)
  5 rats
31 creatures vanquished.

Notes
Turn   | Place    | Note
-------+----------+-------------------------------------------
     0 | D:1      | balthal the High Elf Skald began the quest for the Orb.
     0 | D:1      | Reached XP level 1. HP: 14/14 MP: 4/4
   181 | D:1      | Reached XP level 2. HP: 19/19 MP: 3/6
   320 | D:1      | Reached skill level 4 in Charms
   524 | D:2      | Reached skill level 1 in Armour
   813 | D:2      | Reached XP level 3. HP: 14/25 MP: 2/7
  1345 | D:2      | Found a runed door.
  1908 | D:2      | Noticed Crazy Yiuf
  1936 | D:2      | Paralysed by Crazy Yiuf for 7 turns
  1938 | D:2      | Slain by Crazy Yiuf

Skill      XL: |  1  2 |
---------------+-------+-----
Charms         | 4 |  4.2
Armour         | 1 |  1.5
Fighting       | |  2.6
Long Blades    | |  2.8
Dodging        | |  1.2
Stealth        | |  0.2
Spellcasting   | |  2.7

Action                   || total
-------------------------++-------
Melee: Falchion          ||    92
 Cast: Infusion          ||    15
  Eat: Bread ration      ||     1
Armor: Leather armour    ||    30
Dodge: Dodged            ||    62
       Rpst.: Falchion   ||    14
